 Dungeon Crawl Stone Soup version 0.28.0-1-gb440e238dd (webtiles) character file.

Game seed: 13030832584394617907

86 Cykl0x the Digger (level 4, -2/24 HPs)
             Began as a Gargoyle Earth Elementalist on Feb 25, 2022.
             Slain by a gnoll (4 damage)
             ... on level 1 of the Dungeon.
             The game lasted 00:03:29 (2048 turns).

Cykl0x the Digger (Gargoyle Earth Elementalist)     Turns: 2048, Time: 00:03:30

Health: -2/24      AC:  5    Str: 12    XL:     4   Next: 50%
Magic:  1/9        EV: 12    Int: 17    God:
Gold:   87         SH:  0    Dex: 10    Spells: 5/9 levels left

rFire   . . .      SeeInvis .   k - +0 short sword
rCold   . . .      Faith    .   (no shield)
rNeg    + . .      Spirit   .   b - +0 robe
rPois   ∞          Reflect  .   (no helmet)
rElec   +          Harm     .   (no cloak)
rCorr   .          Rampage  .   (no gloves)
Will    .....                   (no boots)
Stlth   ++........              (no amulet)
HPRegen 0.08/turn               (no ring)
MPRegen 0.11/turn               (no ring)

@: no status effects
A: sickness immunity, AC +3, negative energy resistance 1, electricity
resistance, torment resistance 1, petrification resistance
a: no special abilities


You were on level 1 of the Dungeon.
You visited 1 branch of the dungeon, and saw 2 of its levels.

You collected 87 gold pieces.

Inventory:

Hand Weapons
 k - a +0 short sword (weapon)
Missiles
 c - a stone
 d - 30 arrows
Armour
 b - a +0 robe (worn)
 e - a +0 leather armour
Potions
 a - a potion of brilliance
 f - 2 potions of curing
 i - a potion of heal wounds {unknown}


   Skills:
 + Level 1.7 Dodging
 - Level 2.1 Stealth
 + Level 3.4 Spellcasting
 * Level 1.3 Conjurations
 - Level 0.7 Transmutations
 + Level 4.3 Earth Magic


You had 5 spell levels left.
You knew the following spells:

 Your Spells              Type           Power      Damage    Failure   Level
a - Sandblast             Erth           34%        2d9       2%          1
b - Stone Arrow           Conj/Erth      24%        3d8       16%         3

Your spell library contained the following spells:

 Spells                   Type           Power      Damage    Failure   Level
 Passwall                 Tmut/Erth      9%         N/A       9%          2
 Petrify                  Tmut/Erth      11%        N/A       52%         4


Dungeon Overview and Level Annotations

Branches:
Dungeon (2/15)

Altars:


Innate Abilities, Weirdness & Mutations

You are immune to sickness and miasma.
Your stone body is resilient. (AC +3)
You are immune to poison.
You resist negative energy. (rN+)
You are resistant to electric shocks. (rElec)
You are resistant to unholy torment.
You are immune to petrification.


Message History

The spell is quite dangerous to miscast (16% risk of failure)!
Continue anyway?
Aiming: Stone Arrow (quite dangerous; 16% risk of failure)
Press: ? - help, Shift-Dir - straight line, f - gnoll
Aim: a gnoll, wielding a +0 spear (72% to hit)
The stone arrow misses the gnoll.
The gnoll hits you with a +0 club. The gnoll misses you.
Unknown command.
The blast of sand hits the gnoll!
The gnoll is severely wounded.
The gnoll hits you but does no damage. The gnoll hits you with a +0 spear.
The blast of sand hits the gnoll!
You kill the gnoll!
The gnoll misses you.
A hobgoblin comes into view.
The blast of sand misses the gnoll.
The hobgoblin shouts!
The gnoll closely misses you. The gnoll barely misses you.
The blast of sand hits the gnoll.
The gnoll is heavily wounded.
The gnoll hits you with a +0 club.
The gnoll hits you from afar with a +0 halberd!
* * * LOW HITPOINT WARNING * * *
The gnoll hits you but does no damage. The gnoll closely misses you.
You climb upwards.
There is a stone staircase leading down here.
You are too injured to fight recklessly!
You are too injured to fight recklessly!
Casting: Sandblast (safe; 2% risk of failure)
Confirm with . or Enter, or press ? or * to list all spells.
Aiming: Sandblast (safe; 2% risk of failure)
Press: ? - help, Shift-Dir - straight line, f - gnoll
Aim: a gnoll, wielding a +0 club (heavily wounded, 82% to hit)
The blast of sand hits the gnoll.
The gnoll is severely wounded.
The gnoll misses you.
Unknown command.
You closely miss the gnoll.
The gnoll is severely wounded.
The gnoll hits you but does no damage. The gnoll hits you with a +0 club.
You die...

###### #....# ##..♣.#
#..♣.♣# ######.♣♣.♣
#..÷@..♣..♣ ♣####
#...g..♣.♣♣ ♣♣...###
#......♣.♣ ♣.♣..'.#
#......♣.♣♣♣♣.♣..####
#......♣..♣♣..♣......
#.......♣.♣.♣♣♣......
####.♣♣#♣...♣........
#♣.♣♣♣.⌠.♣♣♣♣.#...
♣...♣...♣♣..♣#...


You could see a gnoll.

Vanquished Creatures
  2 adders
  3 gnolls
  5 endoplasms (D:1)
  A giant cockroach (D:2)
  2 goblins (D:1)
  6 hobgoblins (D:1)
  A quokka (D:1)
  3 ball pythons (D:1)
  3 bats
  2 frilled lizards (D:2)
  2 kobolds (D:1)
  11 rats
41 creatures vanquished.

Notes
Turn   | Place    | Note
-------+----------+-------------------------------------------
     0 | D:1      | Cykl0x the Gargoyle Earth Elementalist began the quest for
                  | the Orb.
     0 | D:1      | Reached XP level 1. HP: 10/10 MP: 3/3
   229 | D:1      | Reached skill level 4 in Earth Magic
   229 | D:1      | Reached XP level 2. HP: 15/15 MP: 3/5
   620 | D:1      | Reached XP level 3. HP: 18/19 MP: 0/6
   624 | D:1      | Learned a level 3 spell: Stone Arrow
   995 | D:1      | Reached skill level 1 in Conjurations
  1407 | D:1      | Found a faded altar of an unknown god.
  1773 | D:1      | Reached XP level 4. HP: 15/24 MP: 2/8
  2048 | D:1      | Slain by a gnoll

Illustrated notes

Levels and vault maps discovered:
D:1:      saegor_arrival_simple_c, layout_basic,
          shapermc_ecumenical_altar_totnotflames, chequers_serial_rivers_room_b,
          minmay_rat_gold_closets
D:2:      layout_rooms, grunt_decor_resistance, uniq_crazy_yiuf_cottage

Skill      XL: |  1  2  3 |
---------------+----------+-----
Earth Magic    | 4 |  4.3
Conjurations   | 1 |  1.3
Spellcasting   | 3 |  3.4
Dodging        | |  1.7
Stealth        | |  2.1
Transmutations | |  0.7

Action                   |  1- 3 |  4- 6 || total
-------------------------+-------+-------++-------
Melee: Unarmed           |    12 |       ||    12
       Short sword       |    17 |     4 ||    21
       Punch             |     1 |       ||     1
 Cast: Sandblast         |    33 |     7 ||    40
       Stone Arrow       |    14 |     5 ||    19
  Use: Scroll            |     7 |       ||     7
Armor: Robe              |     8 |     4 ||    12
Dodge: Dodged            |    25 |    22 ||    47
